SCAWERSCUM, neutral female scurrid Tourist --- ----- |.+ +...| .| |...| |.----+----- ----+--+-----...| |...............................| |.-+-----+--.. ...-|----+---...| |.| | . |...| |.| . |...| |.- . |...| |. . |...| |.------ -.- -----|...| |.|.]>m| +.| |(((.-...| |.-.@[@| |.+ |(((.|.... |.|.?%]| |.| |(((.|...| |.---------------.-----------...| |...............................| --------------------------------- SCAWERSCUM the Rambler Experience level: 1 Strength: 11 Dexterity: 13 Constitution: 14 Intelligence: 14 Wisdom: 9 Charisma: 14 Health: 0(9) Energy: 2(2) Def: 0 Gold: 1867 Moves: 479 Dungeon seed: n9rLQpKUEwgtuCLE Game ID: SCAWERSCUM_1498719780 Your Inventory: Coins $ - 1867 gold pieces Weapons a - 46 uncursed +2 darts (in quiver) Armor e - an uncursed +0 Hawaiian shirt (being worn) Comestibles b - 6 uncursed food rations c - an uncursed tripe ration d - an uncursed lembas wafer f - an uncursed pancake g - an uncursed egg Potions h - 2 uncursed potions of extra healing Wands l - an uncursed wand of secret door detection (0:15) Tools j - an uncursed expensive camera (0:54) k - an uncursed credit card m - an uncursed leash Spells and supernatural/magical abilities: Name Level Category Fail Memory W - pray for help -- divine ? -- Your skills at the end: Miscellaneous Skills wands [Basic] Weapon Skills dart [Basic] Spellcasting Skills Final Attributes: You were devoutly aligned. You had infravision. You were very stealthy. You were held by a large mimic. You are dead. Vanquished creatures: a yellow mold a gnome a jackal 3 creatures vanquished. Voluntary challenges: You went without food. You did not adorn yourself with jewelry or accessories. You did not cause conflict. You were not invisible. You did not have reflection. You were not displaced. You were an atheist. You never hit with a wielded weapon. You did not use tools. You did not use sinks. You did not drink any magical draughts. You read items or engraved 4 times, starting on turn 128. You never genocided any monsters. You never polymorphed an object. You never changed form. You used no wishes. You never split a pudding. You never wrote Elbereth's name. You never violated your personal moral code. Dungeon overview: The Dungeons of Doom: levels 1 to 5 Level 1 a long staircase Level 2 an altar to Blind Io stairs to The Gnomish Mines Level 3 Level 4 a fountain Level 5 The Gnomish Mines: levels 3 to 6 Level 3 stairs to The Dungeons of Doom Level 4 Level 5 Level 6 <- You were here some shops History has recorded: On T:1 you entered the Dungeons of Doom to retrieve the Amulet of Yendor! On T:80 you reached level 2 of The Dungeons of Doom. On T:107 you reached level 3 of The Dungeons of Doom. On T:126 you reached level 4 of The Dungeons of Doom. On T:270 you reached level 5 of The Dungeons of Doom. On T:376 you reached level 1 of The Gnomish Mines. On T:386 you reached level 2 of The Gnomish Mines. On T:388 you reached level 3 of The Gnomish Mines. On T:391 you reached level 4 of The Gnomish Mines. Score breakdown: Gold: 1028 ( 102 points) Experience: 1 level ( 0 points) Exploration: 6 levels ( 150 points) Discoveries: 4 items ( 200 points) Variety of kills: 3 monsters ( 150 points) Major goal: (nothing yet) ( 0 points) Survival: died (score multiplied by 3) Total score: 1806 Latest messages: You see here a towel (67 zorkmids). You see here a large box (1345 zorkmids). You see here a whistle (13 zorkmids). You see here an expensive camera (267 zorkmids). You see here a towel (67 zorkmids). You see here a whistle (13 zorkmids). You hear the chime of a cash register. You see a door open. "The food's not fit for Orcs!" The door resists! (2x) The door opens. Adjama drinks a murky potion! Adjama is suddenly moving faster. "Aloha, SCAWERSCUM! Welcome to Adjama's general store!" You see here a granite ring (133 zorkmids). You see here a scale mail (60 zorkmids). You see here a clear potion (133 zorkmids). Wait! That's a large mimic! You cannot escape from the large mimic! The large mimic claws you! You die... Adjama gratefully inherits all your possessions. Final status: Aloha SCAWERSCUM the Tourist, killed by a large mimic... You died in The Gnomish Mines on dungeon level 6 with 1806 points, and 1867 pieces of gold, after 479 moves. You were level 1 with a maximum of 9 hit points when you died.